 Dungeon Crawl Stone Soup version 0.31-a0-988-g08d55dae12 (webtiles) character file.

Game seed: 11276789415568723459

2622 Conn the Magician (level 9, -14/57 HPs)
             Began as an Octopode Fire Elementalist on Nov 4, 2023.
             Demolished by a yak (17 damage)
             ... on level 9 of the Dungeon.
             The game lasted 00:22:18 (6026 turns).

Conn the Magician (Octopode Fire Elementalist)      Turns: 6026, Time: 00:22:19

Health: -14/57     AC:  1    Str:  4 (7)  XL:     9   Next: 60%
Magic:  14/26      EV: 13    Int: 20 (22) God:
Gold:   161        SH:  0    Dex: 11 (12) Spells: 7/19 levels left

rFire   . . .        n - +5 hand axe (flame)
rCold   . . .        (no shield)
rNeg    . . .        (helmet restricted)
rPois   +            o - amulet of regeneration
rElec   .            g - ring of poison resistance
rCorr   .            x - ring of magical power
SInv    .            (no ring)
Will    .....        (no ring)
Stlth   +++          (no ring)
HPRegen 1.09/turn    (no ring)
MPRegen 0.20/turn    (no ring)
                     (no ring)

%: no passive effects
@: mighty, marked
A: almost no armour, amphibious, 8 rings, camouflage 1, gelatinous body 1,
(nimble swimmer 1), tentacles
a: no special abilities


You were on level 9 of the Dungeon.
You visited 2 branches of the dungeon, and saw 9 of its levels.

You collected 337 gold pieces.
You spent 176 gold pieces at shops.

Inventory:

Hand Weapons
 d - a +0 dagger
 n - a +5 hand axe of flaming (weapon)
Missiles
 l - 3 atropa-tipped darts
 D - 2 curare-tipped darts
Armour
 m - a +2 buckler
Jewellery
 g - a ring of poison resistance (left tentacle)
 o - an amulet of regeneration (around mantle)
 x - a ring of magical power (right tentacle)
Wands
 q - a wand of flame (21)
 v - a wand of charming (9)
 y - a wand of acid (5)
Scrolls
 c - 2 scrolls of revelation
 e - a scroll of identify
 h - a scroll of immolation
 i - 3 scrolls of poison
 j - 2 scrolls of noise
 k - a scroll of summoning
 p - a scroll of vulnerability
 s - a scroll of teleportation
 t - a scroll of fog
 B - a scroll of amnesia
Potions
 a - a potion of magic
 b - a potion of ambrosia
 f - a potion of berserk rage
 r - a potion of curing
 u - 2 potions of attraction
 w - a potion of haste
 z - a potion of degeneration
 C - a potion of lignification {unknown}


   Skills:
 + Level 3.2 Fighting
 + Level 3.0 Axes
 - Level 2.1 Dodging
 - Level 3.0 Stealth
 * Level 3.8 Shields
 * Level 5.9 Spellcasting
 + Level 4.2 Conjurations
 * Level 4.7 Hexes
 + Level 4.6 Translocations
 + Level 5.1 Fire Magic


You had 7 spell levels left.
You knew the following spells:

 Your Spells              Type           Power      Damage    Failure   Level
a - Foxfire               Conj/Fire      96%        2x1d8     1%          1
b - Scorch                Fire           52%        2d7       1%          2
c - Inner Flame           Hex/Fire       25%        N/A       4%          3
d - Flame Wave            Conj/Fire      24%        2d8       16%         4
e - Blink                 Tloc           48%        N/A       2%          2

Your spell library contained the following spells:

 Spells                   Type           Power      Damage    Failure   Level
 Lesser Beckoning         Tloc           48%        N/A       2%          2
 Momentum Strike          Conj/Tloc      46%        3d9       2%          2
 Volatile Blastmotes      Fire/Tloc      50%        2d14      4%          3
 Summon Small Mammal      Summ           20%        N/A       11%         1
 Summon Guardian Golem    Hex/Summ       15%        N/A       12%         3
 Wereblood                Tmut           5%         N/A       16%         2
 Call Canine Familiar     Summ           5%         N/A       32%         3
 Irradiate                Conj/Tmut      7%         3d14      77%         5


Dungeon Overview and Level Annotations

Branches:
Dungeon (9/15)             Temple (1/1) D:4
   Lair: D:8-11         Orc: D:9-12

Altars:
Ashenzari
Cheibriados
Elyvilon
Fedhas
Hepliaklqana
Kikubaaqudgha
Makhleb
Nemelex Xobeh
Trog
Uskayaw
Vehumet
Wu Jian
Yredelemnul
The Shining One

Shops:
D:2 (   D:3 (   D:4 =   D:6 *   D:7 =([


Innate Abilities, Weirdness & Mutations

You cannot wear most types of armour.
You are amphibious.
You can wear up to eight rings at the same time.
Your skin changes colour to match your surroundings (Stealth+).
Your rubbery body absorbs attacks. (AC +1, EV +1)
((You are camouflaged when in or above water. (Stealth+)))
You have tentacles for arms and can constrict up to eight enemies at once.


Message History

Unknown command.
Unknown command.
Okay, then.
Okay, then.
Unknown command.
Unknown command.
Unknown command.
Okay, then.
Unknown command.
Okay, then.
Unknown command.
Unknown command.
Unknown command.
You feel better.
You feel ready to blink again.
A centaur comes into view.
The centaur wields a +0 shortbow.
The centaur shoots an arrow.
The arrow hits you!
* * * LOW HITPOINT WARNING * * *
Unknown command.
Unknown command.
Unknown command.
Unknown command.
Okay, then.
Okay, then.
Sorry, you're not good enough to have a special ability.
Unknown command.
It was a potion of degeneration.
There was something very wrong with that liquid.
You feel weakened.
You feel dopey.
You feel clumsy. The yak barely misses you.
The centaur shoots an arrow.
The arrow completely misses you. The yak misses you.
Okay, then.
Okay, then.
Unknown command.
Unknown command.
It was a potion of might.
You feel very mighty all of a sudden. The yak gores you!
You die...

...>.......... .).......
##.########... .........
.............. ........
.............. ....
######..###### ... #..#
..# #..# ..#
######..#########..#####
..............YY@.......
##########....YYY......c
#.#########.### ...# #
... .Y .. .. # ###


You could see 5 yaks and a centaur.

Vanquished Creatures
  3 yaks (D:9)
  2 steam dragons (D:7)
  Edmund (D:6)
  A water moccasin (D:6)
  3 sky beasts
  A black bear (D:6)
  2 ogres (D:6)
  A centaur (D:5)
  A kobold brigand (D:9)
  A scorpion (D:7)
  4 wights (D:7)
  2 hounds
  2 jellies
  7 orc priests
  5 iguanas
  4 orc wizards
  8 adders
  A shadow imp (D:5)
  2 white imps
  4 ufetubi
  A dart slug (D:4)
  22 orcs
  4 ball pythons
  3 bats
  6 endoplasms
  4 giant cockroaches
  8 goblins
  5 hobgoblins
  7 kobolds
  5 quokkas
  4 frilled lizards
  5 rats
129 creatures vanquished.

Vanquished Creatures (others)
  298 foxfires
298 creatures vanquished.

Grand Total: 427 creatures vanquished

Notes
Turn   | Place    | Note
-------+----------+-------------------------------------------
     0 | D:1      | Conn the Octopode Fire Elementalist began the quest for the
                  | Orb.
     0 | D:1      | Reached XP level 1. HP: 11/11 MP: 3/3
   180 | D:1      | Reached XP level 2. HP: 17/17 MP: 1/5
   326 | D:1      | Learned a level 2 spell: Scorch
   329 | D:1      | Learned a level 2 spell: Blink
   763 | D:1      | Found a faded altar of an unknown god.
   950 | D:2      | Found Heumixt's Antique Weapon Shop.
  1218 | D:2      | Reached XP level 3. HP: 21/21 MP: 6/6
  1261 | D:2      | Reached skill level 1 in Translocations
  1900 | D:3      | Reached XP level 4. HP: 10/27 MP: 2/8
  1953 | D:3      | Found Ucriryon's Antique Weapon Emporium.
  2251 | D:3      | Reached XP level 5. HP: 31/31 MP: 5/9
  2513 | D:4      | Reached XP level 6. HP: 36/36 MP: 3/11
  2576 | D:4      | Found a staircase to the Ecumenical Temple.
  2595 | Temple   | Entered the Ecumenical Temple
  2706 | Temple   | Learned a level 3 spell: Inner Flame
  2711 | Temple   | Learned a level 4 spell: Flame Wave
  2809 | D:4      | Reached skill level 1 in Hexes
  2949 | D:4      | Found Xiah's Jewellery Boutique.
  3276 | D:5      | Entered Level 5 of the Dungeon
  3288 | D:5      | Found a hide-covered altar of Uskayaw.
  3322 | D:5      | Reached XP level 7. HP: 32/42 MP: 11/13
  3481 | D:5      | Found a hazy altar of Hepliaklqana.
  3708 | D:5      | Reached skill level 1 in Fighting
  3814 | D:5      | Reached skill level 1 in Axes
  4121 | D:5      | Found a glowing golden altar of the Shining One.
  4241 | D:6      | Found Cilefu's Assorted Antiques.
  4244 | D:6      | Bought a purple potion for 23 gold pieces
  4244 | D:6      | Bought a fuming golden potion for 23 gold pieces
  4244 | D:6      | Bought a scroll labelled VEAN IRORPH for 26 gold pieces
  4244 | D:6      | Bought a brass wand for 104 gold pieces
  4297 | D:6      | Noticed Edmund
  4312 | D:6      | Killed Edmund
  4313 | D:6      | Reached skill level 1 in Shields
  4313 | D:6      | Reached XP level 8. HP: 33/48 MP: 10/14
  4773 | D:6      | Reached skill level 5 in Spellcasting
  5461 | D:7      | Found Kaismaig's Antique Armour Boutique.
  5497 | D:7      | Reached XP level 9. HP: 55/55 MP: 14/17
  5732 | D:7      | Found Xadomakuar's Weapon Shop.
  5782 | D:7      | Found Icsol's Jewellery Boutique.
  5794 | D:7      | You fall into a shaft and drop 2 floors!
  5794 | D:9      | Identified the "Faosue"
  5794 | D:9      | Identified the of Evvyijea
  5794 | D:9      | Identified the of Ykawkifa
  5906 | D:9      | Reached skill level 5 in Fire Magic
  6024 | D:9      | HP: 1/57 [centaur/arrow (12)]
  6026 | D:9      | Demolished by a yak

Illustrated notes

Levels and vault maps discovered:
D:1:      ebering_hopf_link, layout_basic, shapermc_ecumenical_altar_petra
D:2:      layout_rooms, serial_shops, shop, minmay_pentomino_z2
D:3:      layout_rooms, serial_shops, nicolae_shop_behind_doors
D:4:      layout_loops_cross, minmay_temple_entry_statues_pillars, serial_shops,
          shop
D:5:      layout_loops_ring, tso_oasis_becter,
          worldfamousw_hep_ancestral_shrine, eat_drink_and_be_merry_uskayaw
D:6:      layout_loops_ring, serial_shops, nicolae_shop_tiny_real_fake_doors,
          uniq_edmund
D:7:      layout_rooms, serial_shops, nicolae_shop_rolling_square,
          nicolae_shop_waterfront, shop
D:9:      layout_long_grid, nicolae_sif_muna_little_library,
          mainiacjoe_overflow_alcove_3, dreamdust_wishing_well
Temple:   hellmonk_temple_of_storms

Skill      XL: |  1  2  3  4  5  6  7  8  9 |
---------------+----------------------------+-----
Stealth        | 3 |  3.0
Translocations | 1 2 3 4 |  4.6
Spellcasting   | 3 4 5 |  5.9
Conjurations   | 2 3 4 |  4.2
Hexes          | 1 2 3 4 |  4.7
Fire Magic     | 4 5 |  5.1
Fighting       | 1 2 3 |  3.2
Axes           | 1 2 3 |  3.0
Shields        | 1 2 3 |  3.8
Dodging        | |  2.1

Action                     |  1- 3 |  4- 6 |  7- 9 || total
---------------------------+-------+-------+-------++-------
  Melee: Unarmed           |     3 |       |       ||     3
         Tentacles         |     4 |     3 |     7 ||    14
         Constrict         |     3 |     9 |     4 ||    16
         Dagger            |    12 |       |       ||    12
         Hand axe          |     1 |    33 |    27 ||    61
         Punch             |       |     2 |     1 ||     3
  Throw: Dart              |       |     2 |     2 ||     4
   Cast: Foxfire           |    59 |    41 |    70 ||   170
         Scorch            |     1 |     4 |    48 ||    53
         Inner Flame       |       |       |    13 ||    13
         Flame Wave        |       |       |     2 ||     2
         Blink             |       |       |     1 ||     1
    Use: Scroll            |       |    12 |     7 ||    19
         Potion            |       |     1 |     5 ||     6
   Stab: Sleeping          |     3 |     6 |     1 ||    10
         Distracted        |       |     1 |       ||     1
 Armour: Skin              |     9 |    19 |    57 ||    85
  Dodge: Dodged            |    13 |    28 |    57 ||    98

Table legend: (Time is in decaauts)
 A = Elapsed time spent in this place.
 B = Non-inter-level travel time spent in this place.
 C = Inter-level travel time spent in this place.
 D = Time resting spent in this place.
 E = Time spent auto-exploring this place.
 F = Levels seen in this place.
 G = Mean time per level.
                   A        B        C        D        E       F      G
               +--------+--------+--------+--------+--------+-----+--------+
         Total |   6055 |   5828 |    227 |     89 |   3766 |   9 |  672.8 |
       Dungeon |   5974 |   5748 |    226 |     89 |   3766 |   8 |  746.8 |
        Temple |     80 |     79 |      1 |      0 |      0 |   1 |   80.0 |
               +--------+--------+--------+--------+--------+-----+--------+

Top non-repeatable levels by time:
     D:5: 1035 daAuts
     D:6: 983 daAuts
     D:1: 932 daAuts
     D:4: 851 daAuts
     D:3: 826 daAuts
     D:2: 698 daAuts
     D:7: 414 daAuts
     D:9: 231 daAuts
  Temple: 80 daAuts
